← All builds
Tech / Armada / Economy first / OBSERVED BUILD

Standard tech

Armada Tech (Eco) build order · Supreme Isthmus

Rushes T2 factory and Advanced Metal Extractor while sending the first T2 constructor to Geo, scaling team eco and mex upgrades through the full 15 minutes.

Usually first T2 con to Geo (84%)

#eco #t2 #team support · 901 distinct matches · 120 players · 60% of Armada Tech games · team won 53% of 1034 · Recently observed

HOW TO PLAY IT

Key timing: T2 factory by 4:15

  1. Open mex and wind, start bot lab right away.
  2. Get bot lab up and begin feeding early cons.
  3. Start advanced bot lab to rush T2 factory.
  4. Finish T2 factory and push advanced metal extractor by 5:29.
  5. Build Citadel, Platypus and Umbrella as anti-nuke defence transition.

Phase by phase

TYPICAL OF ITS 901 GAMES
  1. 1
  2. 2
  3. 3
  4. 4
PLAY THE OPENING

Follow the example game's first 6:00 step by step: what to build now, what comes next, and where it goes. At 1× it keeps pace with your own game.

  1. 1

    Up to the Bot Lab

    Economy
    • Metal Extractor3Mex
    • Wind Turbine4Wind
    Order
    1. Bot LabBot Lab after 3 mex, 4 winddone ~1:17, middle half 1:13–1:31

    By 1:01 in all: 3 mex · 4 wind

    The example game in this phase · 3 steps
    1. Mex ×3
    2. Wind ×3
    3. Bot LabBot Labdone 1:08 · typical 1:17
  2. 2

    Bot Lab to Advanced Bot Lab

    Economy
    • Metal Extractor1Mex
    • Wind Turbine8Wind
    • Energy Storage1Energy storage
    Order
    1. Advanced Bot LabAdvanced Bot Lab after 4 mex, 12 wind, 3 con turretdone ~4:15, middle half 4:04–4:28
    Builders
    • Construction Turret3 Con turret
    • Lazarus3 Lazarus
    • Construction Bot2 Con bot
    • Construction Bot1 Con bot for allies

    Some games also: converter (35%)

    By 3:19 in all: 4 mex · 12 wind · 1 energy storage · 3 con turret

    The example game in this phase · 18 steps
    1. Wind
    2. Construction BotCon bot
    3. Wind
    4. LazarusLazarus
    5. Wind
    6. LazarusLazarus
    7. Wind ×2
    8. Mex
    9. Construction BotCon bot
    10. Wind
    11. Energy storage
    12. Construction BotCon botfor Air
    13. Con turret
    14. Wind
    15. Con turret
    16. LazarusLazarus
    17. Wind
    18. Advanced Bot LabAdvanced Bot Labdone 3:47 · typical 4:15
  3. 3

    Advanced Bot Lab to 5:00

    Economy
    • Wind Turbine2Wind
    Order
    1. Bot LabEat Bot Lab
    Builders
    • Advanced Construction Bot1 T2 con bot for allies

    Some games also: converter (35%)

    By 5:00 in all: 4 mex · 15 wind · 2 converter · 1 energy storage · 3 con turret

    The example game in this phase · 9 steps
    1. Bot LabEat Bot Labreclaimed for its metal
    2. Wind ×2
    3. NettleNettle
    4. Wind
    5. Advanced Construction BotT2 con botfor Geo
    6. Advanced Metal ExtractorT2 mexdone 5:08 · typical 5:29
    7. Wind ×2
    8. Advanced Metal ExtractorT2 mex
    9. Wind
  4. 4

    5:00 to 10:00

    Economy
    • Wind Turbine44Wind
    • Energy Converter6Converter
    Builders
    • Butler8 Butler
    • Advanced Construction Bot4 T2 con bot for allies
    • Advanced Construction Bot1 T2 con bot

    Some games also: con turret (49%) · Butler for allies (37%)

    By 10:00 in all: 4 mex · 59 wind · 8 converter · 1 energy storage · 3 con turret

    The example game in this phase · 185 steps
    1. Wind
    2. GunslingerGunslingernot finished by 15:00
    3. GunslingerGunslingerfor Pond
    4. Wind ×2
    5. Advanced Construction BotT2 con botfor Pond
    6. GunslingerGunslingerfor Pond
    7. Wind
    8. Advanced Metal ExtractorT2 mex
    9. Wind ×2
    10. Advanced Construction BotT2 con botfor Geo
    11. Wind
    12. ButlerButler ×2
    13. Wind
    14. ButlerButler ×2
    15. Advanced Construction BotT2 con botfor Air
    16. Wind
    17. Advanced Metal ExtractorT2 mex
    18. ButlerButler
    19. Wind
    20. ButlerButler
    21. Wind
    22. ButlerButler
    23. Wind
    24. ButlerButler ×2
    25. Wind ×3
    26. ButlerButler
    27. Wind ×3
    28. Advanced Construction BotT2 con botfor Beach sea
    29. Wind ×7
    30. Converter
    31. Wind ×4
    32. Converter
    33. Wind
    34. GunslingerGunslingerfor Pond
    35. Wind ×2
    36. Converter
    37. Wind ×6
    38. Converter
    39. Wind ×3
    40. Converter
    41. Wind ×3
    42. Converter
    43. Wind ×4
    44. Advanced Construction BotT2 con botfor Front
    45. Converter
    46. Wind ×5
    47. Converter
    48. Wind ×3
    49. Converter
    50. Wind ×5
    51. Converter
    52. ButlerButler
    53. Wind ×4
    54. Converter
    55. Wind
    56. ButlerButler
    57. Wind ×3
    58. ButlerButler
    59. Converter
    60. Wind ×3
    61. ButlerButler
    62. Wind
    63. Converter
    64. Wind ×3
    65. ButlerButler
    66. Wind
    67. Converter
    68. Wind ×3
    69. ButlerButler
    70. Converter
    71. Wind ×3
    72. Advanced Construction BotT2 con botfor Geo sea
    73. Wind ×2
    74. Converter
    75. Wind ×4
    76. Converter
    77. Wind ×2
    78. Converter
    79. Wind ×3
    80. Converter
    81. Wind ×5
    82. Converter ×2
    83. Wind ×5
    84. Converter
    85. RattlesnakeRattlesnakedone 13:48
    86. Wind ×3
    87. Converter
    88. Wind ×2
    89. HoundHoundfor Pond
    90. Wind
    91. Converter
    92. Wind ×3
    93. Converter
    94. HoundHoundfor Pond
    95. Wind ×3
    96. Converter
    97. Wind ×4
    98. Converter ×2
    99. HoundHoundfor Pond
    100. Wind ×3
    101. Converter ×2
    102. Wind
    103. Converter
    104. Wind ×2
    105. Converter
    106. Wind
    107. Converter
    108. Wind ×2
    109. Converter
    110. HoundHoundfor Pond
    111. Converter
    112. Wind ×3
    113. Converter
    114. Wind ×3
    115. Converter ×2
    116. HoundHoundfor Pond
    117. Wind ×4
    118. Converter
    119. Wind ×4
    120. Converter
    121. Wind
    122. Converter
    123. Wind ×2
    124. Con turret
    125. Wind ×4
    126. Converter
    127. Advanced Construction BotT2 con bot
    128. Wind ×3
    129. Converter
    130. Wind ×3
    131. Con turret
    132. Converter
    133. Wind ×5
    134. Converter
    135. Wind
    136. Converter
    137. Wind ×2
    138. Con turret
    139. Wind ×5
    140. Converter ×2
    141. Wind ×2
    142. Experimental GantryExperimental Gantrynot finished by 15:00
    143. Wind ×3
    144. Converter
    145. Wind ×3
    146. Converter
    147. Wind ×3
    148. Converter
    149. Wind ×5
    150. Converter ×2
    151. Wind ×5
    152. Converter
    153. Wind
    154. Converter
    155. Wind ×3
    156. Converter
    157. Wind
    158. Advanced Bot LabEat Advanced Bot Labreclaimed for its metal
    159. Wind ×3
    160. Converter
    161. Wind ×3
    162. Converter
    163. Wind ×6
    164. Converter
    165. Wind ×2
    166. Converter
    167. Wind ×4
    168. Converter
    169. Wind ×3
    170. Converter
    171. Wind ×2
    172. Converter
    173. Wind ×5
    174. Converter ×2
    175. Wind ×4
    176. Converter
    177. Wind
    178. Converter
    179. Wind ×3
    180. Converter
    181. Wind ×3
    182. Converter
    183. Wind ×2
    184. Converter
    185. Wind ×4

Counts are medians over the build's games: half of them build more, half fewer. The example game is [NWP]1347's (37 OS, 08/10/2026); pick another.

Team trades

IN AT LEAST 30% OF ITS GAMES

You hand over

  • Construction Bot1 Con bot to Airfirst at 2:22 · in 87% of games
  • Advanced Construction Bot5 T2 con bot to Air or Geo sea or Pondfirst at 4:48 · in 99% of games
  • Sharpshooter2 Sniper bot to Pondfirst at 5:23 · in 32% of games
  • Butler2 Butler to Geo sea or Beach sea or Pondfirst at 9:05 · in 42% of games

You get

  • Hercules1 Light transport from Airfirst at 4:00 · in 85% of games

How it plays out

Typical game of this build, running totals by minute

Metal produced

020k40k
0:005:0010:0015:00

metal

Enemy metal destroyed

0100200300
0:005:0010:0015:00

metal

Own metal lost

0100200300
0:005:0010:0015:00

metal

1034 games.

Show as table
ByMetal produced: This buildEnemy metal destroyed: This buildOwn metal lost: This build
1:0038300
2:0091600
3:00164500
4:00316200
5:00486400
6:00580800
7:00723600
8:00911000
9:001125000
10:001358800
11:001643300
12:001999100
13:002375900
14:00276067381
15:0031704295204
WHAT THE NUMBERS SAY

This is the role's textbook T2 rush, posting the highest metal production of any build shown (31617 by 15:00) with almost no early losses.

  • + T2 factory done by 4:15 in 97% of games, extremely consistent.
  • + Own metal lost is only 228 by 15:00, near untouched economy.
  • − Team win rate is the lowest of all builds shown at 53%, fast eco alone doesn't decide games.
THE EXAMPLE YOU ARE READING

[NWP]1347

37.5 OS · 08/10/2026

Open source match ↗

1 received units
3930 metal received · 102971 energy received

Allied construction assistance is unknown. Timings are observations, not a promise of solo reproducibility.

Typical milestones

Bot Lab1:17Middle 50%: 1:13–1:31 · n=1034
Advanced Bot Lab4:15Middle 50%: 4:04–4:28 · n=1028
Advanced Metal Extractor5:29Middle 50%: 5:06–5:59 · n=1032

Played most by

Amrissa100games of this buildKOT_45games of this buildSyphos42games of this buildAdeus39games of this buildWashedGamuer39games of this build